AoeStats
← UF_KILL

MegaRandom

505580334Analyzed
3v3 RM · 22d ago on Sep 10, 2026· 30m 25s· 6 players
Game mode
Random Map
Map size
Normal (6 player)
Population
200
Speed
Normal
Resources
Standard
Victory
Conquest
Starting age
Dark Age
Ending age
Imperial Age
RankedLock teamsTeams togetherTeam positionsShared explorationLock speedFull tech treeHidden civsTurbo modeCheats
Victory
Defeat
🇨🇴 Malay · Colombia
688
+11
🇧🇷 Britons · Brazil
453
+21
🇨🇱 Turks · Chile
447
+21
🇰🇷 Shu · South Korea
605
-19
🇲🇽 Cumans · Mexico
557
-17
🇺🇸 Aztecs · United States
548
-17
axizzz3pam
0:28 Loom
12:46 Feudal Age
18:24 Horse Collar
21:33 Castle Age
20:08 Double-Bit Axe
22:03 Wheelbarrow
24:24 Town Watch
28:44 Hand Cart
saphi
0:30 Loom
16:47 Feudal Age
17:44 Double-Bit Axe
20:19 Horse Collar
20:32 Gold Mining
20:34 Stone Mining
26:05 Castle Age
27:47 Heavy Plow
28:29 Gold Shaft Mining
27:59 Caravan
28:13 Bow Saw
28:31 Gambesons
28:46 Squires
28:32 Arson
28:07 Eagle Warrior
明君
12:43 Feudal Age
18:24 Castle Age
30:42 Imperial Age
30:04 Double-Bit Axe
30:04 Horse Collar
Witen
11:55 Feudal Age
12:36 Horse Collar
12:56 Double-Bit Axe
13:44 Loom
21:34 Castle Age
20:31 Stone Mining
23:01 Gold Mining
26:27 Forging
28:18 Squires
28:06 Arson
29:21 Iron Casting
UF_KILL
13:56 Feudal Age
14:19 Horse Collar
14:29 Double-Bit Axe
16:19 Wheelbarrow
16:53 Stone Mining
18:21 Gold Mining
18:31 Man-at-Arms
18:57 Arson
23:19 Padded Archer Armor
27:04 Castle Age
26:15 Fletching
27:49 Heavy Plow
28:29 Gold Shaft Mining
28:08 Bow Saw
28:00 Long Swordsman
28:00 Pikeman
28:41 Squires
28:27 Gambesons
29:06 Caravan
29:12 Scale Mail Armor
29:24 Forging
JJCC
15:14 Feudal Age
16:51 Wheelbarrow
23:57 Castle Age
28:38 Imperial Age
26:13 Man-at-Arms
27:01 Double-Bit Axe
28:48 Hand Cart
28:43 Gold Mining
30:04 Horse Collar
Connection lost

Rejoining the realm…

Still unreachable

The connection could not be restored.

Session expired

The server has moved on; the page needs a fresh start.